 Dungeon Crawl Stone Soup version 0.27-a0-1324-ge0d8e047f6 (webtiles) character file.

Game seed: 429348127516470862

175 Wobber the Chiller (level 5, 0/45 HPs)
             Began as an Ogre Ice Elementalist on June 23, 2021.
             Slain by a bullfrog (4 damage)
             ... in a sewer.
             The game lasted 00:12:08 (3018 turns).

Wobber the Chiller (Ogre Ice Elementalist)          Turns: 3018, Time: 00:12:08

Health: 0/45       AC:  4    Str: 12    XL:     5   Next: 55%
Magic:  3/19       EV: 10    Int: 23    God:
Gold:   87         SH:  0    Dex:  9    Spells: 7/11 levels left

rFire    . . .     SeeInvis .   c - +0 club
rCold    . . .     Faith    .   (no shield)
rNeg     . . .     Spirit   .   a - +1 robe
rPois    .         Reflect  .   (helmet restricted)
rElec    .         Harm     .   (no cloak)
rCorr    .         Rampage  .   (gloves unavailable)
Will     .....                  (boots unavailable)
Stlth    +.........             (no amulet)
HPRegen  0.15/turn              k - +6 ring of intelligence
MPRegen  0.16/turn              n - ring of magical power

@: very slow
A: large, unfitting armour, tough skin 1
a: no special abilities


You were in a sewer.
You visited 1 branch of the dungeon, and saw 3 of its levels.
You also visited: Sewer.

You collected 87 gold pieces.

Inventory:

Hand Weapons
 c - a +0 club (weapon)
Missiles
 e - 17 stones
 i - 20 poisoned darts
Armour
 a - a +1 robe (worn)
Jewellery
 k - a +6 ring of intelligence (left hand)
 n - a ring of magical power (right hand)
Wands
 j - a wand of iceblast (11)
 o - a wand of mindburst (16)
Scrolls
 f - a scroll of vulnerability
Potions
 g - a potion of lignification {unknown}
 l - a potion of magic {unknown}
 m - a potion of mutation {unknown}


   Skills:
 + Level 3.0 Dodging
 - Level 1.4 Stealth
 + Level 3.6 Spellcasting
 * Level 5.0 Ice Magic


You had 7 spell levels left.
You knew the following spells:

 Your Spells              Type           Power      Damage    Failure   Level
a - Freeze                Ice            100%       1d11      1%          1
b - Ozocubu's Armour      Ice            27%        N/A       4%          3

Your spell library contained the following spells:

 Spells                   Type           Power      Damage    Failure   Level
 Frozen Ramparts          Ice            54%        1d7       4%          3
 Hailstorm                Conj/Ice       15%        3d5       36%         4
 Metabolic Englaciation   Hex/Ice        7%         N/A       71%         5


Dungeon Overview and Level Annotations

Branches:
Dungeon (3/15)              Sewer (1/1)

Altars:

Shops:
D:1 :   D:2 =(!=:


Innate Abilities, Weirdness & Mutations

You are too large for most types of armour.
You have tough skin. (AC +1)


Message History

Moving in this stuff is going to be slow.
The bullfrog hits you.
* * * LOW HITPOINT WARNING * * *
The ball python bites you but does no damage.
Things that are here:
a quokka corpse; a ball python corpse; a ball python corpse The bullfrog closely misses you.
The ball python bites you but does no damage.
The bullfrog closely misses you.
The bullfrog releases a deep croak.
Casting: Freeze (safe; 1% risk of failure)
Confirm with . or Enter, or press ? or * to list all spells.
Okay, then.
Casting: Freeze (safe; 1% risk of failure)
Confirm with . or Enter, or press ? or * to list all spells.
Aiming: Freeze (safe; 1% risk of failure)
Press: ? - help, Shift-Dir - straight line, f - bullfrog, p - bullfrog
Aim: a bullfrog You freeze the bullfrog!
The bullfrog is moderately wounded.
The bullfrog hits you.
* * * LOW HITPOINT WARNING * * *
The ball python closely misses you. The bullfrog hits you!
* * * LOW HITPOINT WARNING * * *
You feel better.
The bullfrog hits you but does no damage.
The ball python bites you.
* * * LOW HITPOINT WARNING * * *
You enter the shallow water.
Moving in this stuff is going to be slow.
The ball python bites you but does no damage.
The bullfrog hits you but does no damage.
The bullfrog hits you.
* * * LOW HITPOINT WARNING * * *
You enter the shallow water.
Moving in this stuff is going to be slow.
The bullfrog closely misses you. The bullfrog hits you.
* * * LOW HITPOINT WARNING * * *
The bullfrog hits you.
You die...

############# #≈≈≈≈.≈≈≈≈†.#####
#≈≈†.≈≈≈≈≈≈†..∩.###
#≈≈≈#########≈...≈##
####≈≈..≈≈≈≈≈.†####≈≈∩#
##..#≈≈≈.≈#####≈≈≈≈#####
####≈≈≈#######.∩≈#≈≈..≈≈≈##
##≈≈≈†≈..#..≈SF@≈≈####≈†≈≈.##
##≈.≈≈#≈≈##†..BF≈≈≈≈≈≈###≈.≈≈##
#.≈≈.##.≈#≈†#######≈≈.≈.##..≈≈#
#.≈†##.†##≈.#≈.≈≈≈###≈.≈≈##.≈≈##
≈≈≈.#††≈#.≈.≈.B≈≈≈≈ ##≈.≈≈#≈≈≈≈#
≈≈≈##≈≈≈#≈≈≈..≈≈≈≈≈ ##.≈≈##≈.≈#
≈≈≈#≈≈≈≈#≈≈≈≈$≈≈≈≈≈ #≈≈≈≈#≈≈.#
.≈≈#≈≈≈.#.≈.[?$.≈≈≈ #≈≈≈≈#≈≈.#
.≈≈#..≈≈#≈≈≈..?..≈≈ #..≈≈#≈≈≈#


You could see 2 bullfrogs, a giant cockroach and a ball python.

Vanquished Creatures
  2 river rats (D:3)
  4 adders
  3 worms
  2 dart slugs (D:1)
  13 ball pythons
  17 endoplasms
  9 giant cockroaches (Sewer)
  5 goblins
  2 hobgoblins (D:1)
  7 jackals
  16 quokkas
  2 bats (D:2)
  13 frilled lizards
  2 rats
97 creatures vanquished.

Notes
Turn   | Place    | Note
-------+----------+-------------------------------------------
     0 | D:1      | Wobber the Ogre Ice Elementalist began the quest for the
                  | Orb.
     0 | D:1      | Reached XP level 1. HP: 16/16 MP: 3/3
    13 | D:1      | Found Doyp's Book Shoppe.
   197 | D:1      | Reached XP level 2. HP: 24/24 MP: 3/5
   517 | D:1      | Reached skill level 4 in Ice Magic
   533 | D:1      | Reached XP level 3. HP: 22/31 MP: 1/7
  1217 | D:2      | Found Qoryskif's Jewellery Shoppe.
  1217 | D:2      | Found Yrchov's Distillery.
  1221 | D:2      | Found Taiveare's Weapon Boutique.
  1307 | D:2      | Found Wuoty's Jewellery Emporium.
  1347 | D:2      | Learned a level 3 spell: Ozocubu's Armour
  1654 | D:2      | Found Beptept's Book Shop.
  1993 | D:2      | Reached XP level 4. HP: 39/39 MP: 8/8
  2138 | D:3      | Found a glowing drain.
  2270 | Sewer    | Entered a sewer
  2400 | Sewer    | Reached XP level 5. HP: 45/45 MP: 10/10
  2988 | Sewer    | Reached skill level 5 in Ice Magic
  3014 | Sewer    | HP: 2/45 [bullfrog (7)]
  3018 | Sewer    | Slain by a bullfrog

Illustrated notes

Levels and vault maps discovered:
D:1:      dpeg_arrival_tiny_a, layout_loops_ring, serial_shops, shop_fountains
D:2:      layout_loops_ring, serial_shops, shop, shop, nicolae_shop_trees, shop,
          nicolae_shop_stone
D:3:      layout_basic, portal_sewer_entry_b
Sewer:    sewer_frog_island_02

Skill      XL: |  1  2  3  4  5 |
---------------+----------------+-----
Dodging        | 2 3 |  3.0
Ice Magic      | 4 5 |  5.0
Spellcasting   | 3 |  3.6
Stealth        | |  1.4

Action                   |  1- 3 |  4- 6 || total
-------------------------+-------+-------++-------
Melee: Club              |    27 |     3 ||    30
Throw: Dart              |     3 |       ||     3
 Cast: Freeze            |    55 |    90 ||   145
       Ozocubu's Armour  |       |    11 ||    11
  Use: Scroll            |       |     4 ||     4
       Potion            |       |     2 ||     2
Armor: Robe              |    17 |    25 ||    42
Dodge: Dodged            |    36 |    36 ||    72

Table legend: (Time is in decaauts)
 A = Elapsed time spent in this place.
 B = Non-inter-level travel time spent in this place.
 C = Inter-level travel time spent in this place.
 D = Time resting spent in this place.
 E = Time spent auto-exploring this place.
 F = Levels seen in this place.
 G = Mean time per level.
                   A        B        C        D        E       F      G
               +--------+--------+--------+--------+--------+-----+--------+
         Total |   3083 |   3042 |     41 |    273 |   2153 |   4 |  770.8 |
       Dungeon |   2278 |   2237 |     41 |    192 |   1715 |   3 |  759.3 |
         Sewer |    804 |    804 |      0 |     81 |    438 |   1 |  804.0 |
               +--------+--------+--------+--------+--------+-----+--------+

Top non-repeatable levels by time:
     D:1: 1082 daAuts
     D:2: 1042 daAuts
   Sewer: 804 daAuts
     D:3: 153 daAuts
